 Dungeon Crawl Stone Soup version 0.28-a0-1567-g1695149f81 (webtiles) character file.

Game seed: 15701252424352518036

1620 comborobin the Chiller (level 8, -11/54 HPs)
             Began as an Octopode Cinder Acolyte on Jan 20, 2022.
             Was a Priest of Ignis.
             Mangled by an orc warrior (14 damage)
             ... on level 7 of the Dungeon.
             The game lasted 00:04:27 (4387 turns).

comborobin the Chiller (Octopode Cinder Acolyte)    Turns: 4387, Time: 00:04:27

Health: -11/54     AC:  8    Str: 14    XL:     8   Next: 96%
Magic:  17/17      EV: 13    Int: 16    God:    Ignis [***...]
Gold:   308        SH:  0    Dex:  9    Spells: 14/19 levels left

rFire   + . .      SeeInvis .   a - +5 flail (protect)
rCold   . . .      Faith    .   (no shield)
rNeg    . . .      Spirit   .   (helmet restricted)
rPois   .          Reflect  .   (no amulet)
rElec   .          Harm     .   (no ring)
rCorr   .          Rampage  .   (no ring)
Will    .....                   (no ring)
Stlth   ++........              (no ring)
HPRegen 0.18/turn               (no ring)
MPRegen 0.15/turn               (no ring)
                                (no ring)
                                (no ring)

@: about to teleport, under a protective aura
A: almost no armour, amphibious, 8 rings, camouflage 1, gelatinous body 1,
(nimble swimmer 1), tentacles
a: Renounce Religion, Fiery Armour, Foxfire Swarm, Rising Flame


You were on level 7 of the Dungeon.
You worshipped Ignis.
Ignis was most pleased with you.
You visited 1 branch of the dungeon, and saw 6 of its levels.

You collected 335 gold pieces.
You spent 27 gold pieces at shops.

Inventory:

Hand Weapons
 a - a +5 flail of protection (weapon)
Armour
 l - a +0 buckler
Jewellery
 f - a ring of wizardry
Wands
 h - a wand of polymorph (5)
Scrolls
 d - 3 scrolls of teleportation
 j - 2 scrolls of identify {unknown}
 m - 2 scrolls of vulnerability {unknown}
 n - a scroll of fear {unknown}
Potions
 b - 3 potions of brilliance {unknown}
 c - a potion of flight {unknown}
 e - a potion of resistance {unknown}
 g - a potion of lignification {unknown}
 i - 3 potions of curing {unknown}
 k - 2 potions of degeneration {unknown}


   Skills:
 - Level 3.6 Fighting
 - Level 1.8 Maces & Flails
 - Level 1.8 Dodging
 - Level 4.0 Unarmed Combat
 + Level 6.4 Spellcasting
 - Level 3.0 Fire Magic
 + Level 6.9 Ice Magic


You had 14 spell levels left.
You knew the following spells:

 Your Spells              Type           Power      Damage    Failure   Level
a - Static Discharge      Conj/Air       5%         N/A       21%         2
b - Frozen Ramparts       Ice            54%        1d7       2%          3

Your spell library contained the following spells:

 Spells                   Type           Power      Damage    Failure   Level
 Freeze                   Ice            100%       1d11      1%          1
 Scorch                   Fire           28%        2d6       6%          2
 Ignite Poison            Fire/Tmut/Pois 8%         N/A       26%         3
 Hailstorm                Conj/Ice       16%        3d6       32%         4
 Mephitic Cloud           Conj/Pois/Air  5%         N/A       36%         3
 Freezing Cloud           Conj/Ice/Air   6%         6-21      80%         5
 Lightning Bolt           Conj/Air       2%         1d14      98%         5
 Maxwell's Capacitive Co  Air            2%         ∞         100%        8


Dungeon Overview and Level Annotations

Branches:
Dungeon (7/15)             Temple (0/1) D:4

Altars:
Hepliaklqana
Uskayaw
Yredelemnul
Zin

Shops:
D:5 =*?:*

Annotations:
D:6 exclusion: door


Innate Abilities, Weirdness & Mutations

You cannot wear most types of armour.
You are amphibious.
You can wear up to eight rings at the same time.
Your skin changes colour to match your surroundings (Stealth+).
Your rubbery body absorbs attacks. (AC +1, EV +1)
((You are camouflaged when in or above water. (Stealth+)))
You have tentacles for arms and can constrict up to eight enemies at once.


Message History

Your +5 flail of protection hums with potential!
Things that are here:
a +0 giant club; a +0 giant club Magic restored.
HP restored.
n - a scroll labelled CYDUCR YSEFIPS
Found a stone staircase leading down.
There is a stone staircase leading down here.
Found a ring mail.
An orc comes into view.
It is wielding a +0 whip and carrying a wand of polymorph (5).
An orc is nearby!
The orc shouts!
You hear a shout!
You hear an angry hiss.
An orc warrior comes into view. It is wielding a +0 scimitar.
The orc zaps a wand.
You resist with some effort.
An orc priest comes into view. It is wielding a +0 whip.
You see here the +4 ring mail of Focus {Fly Stlth+}.
The orc misses you.
The orc priest shouts!
You thump the orc!
Your weapon exudes an aura of protection.
You kill the orc!
The orc priest invokes the aid of Beogh against you.
Beogh smites you!
You hear an angry hiss.
A komodo dragon comes into view.
The orc warrior hits you with a +0 scimitar!
Items here: ) / ? †.
You thump the orc warrior! You grab the orc warrior.
The orc warrior is moderately wounded.
You constrict the orc warrior, but do no damage.
The orc priest invokes the aid of Beogh against you.
Beogh smites you!
The orc warrior hits you with a +0 scimitar!
* * * LOW HITPOINT WARNING * * *
You release your grip on the orc warrior.
Okay, then.
As you read the scroll of teleportation, it crumbles to dust.
You feel strangely unstable.
The orc warrior hits you with a +0 scimitar!
You die...

.##..#####.##.#..#.#
...........##.##.#.#
.############.##.#.#
......##### #...<..#
#...#.....######.#######
..#.#.....#...##.##.....
....#.........##lo......
##..#.....#...##o#
..........##.###@#
.)..########.# #[# ##.##
#####>###.# #.#
#.......#.# #.#
#.###.....# #.# ###.#.#
#.. .....# #.. #.##.###
.. .. .[#


You could see a komodo dragon, an orc warrior and an orc priest.

Vanquished Creatures
  A two-headed ogre (D:7)
  A wraith (D:5)
  2 ogres
  2 phantoms
  A wyvern zombie (D:5)
  A water moccasin zombie (D:6)
  A water moccasin skeleton (D:5)
  A jelly (D:5)
  A bullfrog skeleton (D:6)
  2 centaur skeletons
  6 iguanas
  2 hound zombies (D:5)
  A hound skeleton (D:4)
  3 gnolls (D:5)
  An adder (D:2)
  A shadow imp (D:6)
  2 worms
  2 dart slugs
  7 orcs
  A bat (D:2)
  4 endoplasms
  A giant cockroach (D:2)
  4 goblins
  2 hobgoblins (D:2)
  3 ball pythons
  A frilled lizard (D:1)
  3 kobolds
57 creatures vanquished.

Vanquished Creatures (others)
  69 foxfires
  45 plants (D:5)
114 creatures vanquished.

Grand Total: 171 creatures vanquished

Notes
Turn   | Place    | Note
-------+----------+-------------------------------------------
     0 | D:1      | comborobin the Octopode Cinder Acolyte began the quest for
                  | the Orb.
     0 | D:1      | Reached XP level 1. HP: 16/16 MP: 2/2
    30 | D:1      | Found a faded altar of an unknown god.
    42 | D:1      | Reached XP level 2. HP: 19/21 MP: 3/3
   630 | D:2      | Reached XP level 3. HP: 26/26 MP: 4/4
   653 | D:2      | Learned a level 2 spell: Static Discharge
   673 | D:2      | You fall into a shaft and drop 2 floors!
   792 | D:4      | Reached skill level 1 in Dodging
   966 | D:4      | Found a staircase to the Ecumenical Temple.
   981 | D:4      | Reached XP level 4. HP: 12/31 MP: 5/5
  1300 | D:4      | Found a hide-covered altar of Uskayaw.
  1338 | D:4      | Reached skill level 1 in Maces & Flails
  1421 | D:4      | Identified the +1 ring mail of the Thunderstorm {rPois}
  1522 | D:4      | Learned a level 3 spell: Frozen Ramparts
  1627 | D:4      | Found a basalt altar of Yredelemnul.
  1629 | D:4      | Found a glowing silver altar of Zin.
  1634 | D:4      | Reached XP level 5. HP: 35/37 MP: 6/6
  1777 | D:5      | Entered Level 5 of the Dungeon
  1777 | D:5      | Found Getuph's General Store.
  1842 | D:5      | Found Uha Arong's Assorted Antiques.
  1842 | D:5      | Noticed a wraith
  1845 | D:5      | Reached skill level 1 in Ice Magic
  1856 | D:5      | Killed a wraith
  1857 | D:5      | Reached XP level 6. HP: 31/43 MP: 7/10
  1864 | D:5      | Found Jilyrgh's Jewellery Boutique.
  1938 | D:5      | Bought a fuming grey potion for 27 gold pieces
  2059 | D:5      | Found Paozxaenwi's Magic Scroll Boutique.
  2089 | D:5      | Found Yzunan's Book Shop.
  2274 | D:5      | Reached XP level 7. HP: 47/47 MP: 10/12
  3524 | D:6      | Reached skill level 5 in Ice Magic
  3524 | D:6      | Reached XP level 8. HP: 54/54 MP: 13/15
  3574 | D:6      | Reached skill level 5 in Spellcasting
  3676 | D:6      | Found a hazy altar of Hepliaklqana.
  4197 | D:7      | Noticed a two-headed ogre
  4279 | D:7      | Killed a two-headed ogre
  4381 | D:7      | Identified the +4 ring mail of Focus {Fly Stlth+}
  4384 | D:7      | Noticed a komodo dragon
  4385 | D:7      | HP: 2/54 [orc warrior (15)]
  4387 | D:7      | Mangled by an orc warrior

Illustrated notes

Levels and vault maps discovered:
D:1:      elethiomel_arrival_quiet, layout_loops_cross,
          hellmonk_ecumenical_altar_crossroads
D:2:      layout_loops_ring, serial_shops, nicolae_shop_stone,
          corexii_leaking_fountain
D:4:      layout_loops_ring, mainiacjoe_overflow_boulevard,
          chequers_temple_overflow_statue_of_worship, minmay_temple_entry_waves
D:5:      layout_basic, serial_shops, nicolae_take_the_stairs, shop_coins,
          nicolae_stop_n_shop_2, kennysheep_mini_moat, shop, kennysheep_boxes
D:6:      layout_loops_ring, nicolae_hepliaklqana_monster_ancestors
D:7:      layout_loops_cross, serial_shops, shop

Skill      XL: |  1  2  3  4  5  6  7  8 |
---------------+-------------------------+-----
Dodging        | 1 |  1.8
Unarmed Combat | 4 |  4.0
Maces & Flails | 1 |  1.8
Ice Magic      | 2 3 5 6 |  6.9
Spellcasting   | 2 3 4 6 |  6.4
Fighting       | |  3.6
Fire Magic     | |  3.0

Action                   |  1- 3 |  4- 6 |  7- 9 || total
-------------------------+-------+-------+-------++-------
Melee: Unarmed           |    53 |       |     7 ||    60
       Constrict         |    11 |     5 |     7 ||    23
       Tentacles         |    10 |     7 |     9 ||    26
       Punch             |     3 |     2 |     4 ||     9
       Flail             |     1 |    28 |    58 ||    87
 Cast: Frozen Ramparts   |       |       |     1 ||     1
Invok: Foxfire Swarm     |     1 |     3 |       ||     4
       Fiery Armour      |       |     1 |       ||     1
Evoke: Wand              |       |       |     4 ||     4
  Use: Scroll            |     1 |     2 |     3 ||     6
       Potion            |       |     1 |       ||     1
 Stab: Sleeping          |     2 |     2 |     2 ||     6
Armor: Skin              |     6 |     5 |    25 ||    36
Dodge: Dodged            |    21 |    23 |    33 ||    77

Table legend: (Time is in decaauts)
 A = Elapsed time spent in this place.
 B = Non-inter-level travel time spent in this place.
 C = Inter-level travel time spent in this place.
 D = Time resting spent in this place.
 E = Time spent auto-exploring this place.
 F = Levels seen in this place.
 G = Mean time per level.
                   A        B        C        D        E       F      G
               +--------+--------+--------+--------+--------+-----+--------+
         Total |   4410 |   4310 |    100 |    948 |   2796 |   6 |  735.0 |
       Dungeon |   4410 |   4310 |    100 |    948 |   2796 |   6 |  735.0 |
               +--------+--------+--------+--------+--------+-----+--------+

Top non-repeatable levels by time:
     D:5: 1597 daAuts
     D:4: 1105 daAuts
     D:6: 807 daAuts
     D:2: 396 daAuts
     D:1: 274 daAuts
     D:7: 230 daAuts
